 Dungeon Crawl Stone Soup version 0.31-a0-978-g1e143483b6 (webtiles) character file.

Game seed: 2958517326202215381

5153 AppTheSpectato the Fighter (level 10, 0/78 HPs)
             Began as a Djinni Fire Elementalist on Oct 30, 2023.
             Was an Initiate of Gozag.
             Slain by a gnoll sergeant
             ... wielding a +4 vampiric spear
              (13 damage)
             ... on level 9 of the Dungeon.
             The game lasted 00:52:51 (10381 turns).

AppTheSpectato the Fighter (DjFE)                  Turns: 10381, Time: 00:52:52

Health: 0/78       AC:  5    Str:  7    XL:     10   Next: 89%
Gold:   1114       EV: 12    Int: 21    God:    Gozag SH:  0 Dex: 14

rFire   + + .        A - +4 trident (drain)
rCold   x . .        (no shield)
rNeg    . . .        a - +0 robe
rPois   ∞            f - +1 helmet
rElec   .            i - +0 cloak
rCorr   +            (no gloves)
SInv    +            (boots unavailable)
Will    +....        (no amulet)
Stlth   ++           x - ring of resist corrosion
HPRegen 0.33/turn    F - ring of see invisible
MPRegen 0.00/turn

%: infuse magic (-1 HP)
@: about to teleport, flying
A: sickness immunity, fire resistance 2, cold vulnerability 1, float, innate
caster, HP casting, extra vitality 1
a: Renounce Religion, Potion Petition, Call Merchant, Bribe Branch


You were on level 9 of the Dungeon.
You worshipped Gozag.
Gozag was most pleased with you.
You visited 2 branches of the dungeon, and saw 10 of its levels.
You also visited: Sewer and Ossuary.

You collected 1227 gold pieces.
You paid 113 gold pieces to Gozag.

Inventory:

Hand Weapons
 g - a +4 quarterstaff of chaos
 h - a +3 hammer
 A - a +4 trident of draining (weapon)
Armour
 a - a +0 robe (worn)
 f - a +1 helmet (worn)
 i - a +0 cloak (worn)
 p - a +3 leather armour of willpower
 w - the +0 leather armour of the Morning {rPois rC- Will+ Int+3}
   (You found it on level 6 of the Dungeon)

   Int+3:     It affects your intelligence (+3).
   rC-:       It makes you vulnerable to cold.
   rPois:     It protects you from poison Will+: It increases your willpower.
Jewellery
 x - a ring of resist corrosion (left hand)
 F - a ring of see invisible (right hand)
Talismans
 E - a flux talisman
Wands
 m - a wand of polymorph (8)
 o - a wand of flame (9)
 G - a wand of paralysis (9)
Scrolls
 e - 4 scrolls of poison
 k - 2 scrolls of amnesia {unknown}
 r - a scroll of enchant armour {unknown}
 u - a scroll of fog
 v - 2 scrolls of revelation
 y - 2 scrolls of immolation {unknown}
 B - a scroll of vulnerability {unknown}
 C - 2 scrolls of noise {unknown}
 D - 3 scrolls of fear {unknown}
Potions
 b - 2 potions of heal wounds
 c - 5 potions of lignification
 j - 8 potions of curing
 l - 2 potions of mutation
 n - 4 potions of berserk rage
 q - 3 potions of enlightenment
 s - 2 potions of haste
 t - a potion of magic
 z - a potion of resistance
 H - a potion of brilliance {unknown}
 I - a potion of degeneration {unknown}


   Skills:
 + Level 9.6 Fighting
 - Level 2.4 Dodging
 - Level 1.8 Stealth
 * Level 9.5 Spellcasting
 * Level 9.5 Conjurations
 * Level 9.5 Hexes
 * Level 9.5 Summonings
 * Level 9.5 Necromancy
 * Level 9.5 Translocations
 * Level 9.5 Transmutations
 * Level 9.5 Fire Magic
 * Level 9.5 Ice Magic
 * Level 9.5 Air Magic
 * Level 9.5 Earth Magic
 * Level 9.5 Poison Magic


You knew the following spells:

 Your Spells              Type           Power      Damage    Failure   Level
a - Foxfire               Conj/Fire      100%       2x1d9     1%          1
b - Scorch                Fire           98%        2d9       1%          2
c - Volatile Blastmotes   Fire/Tloc      98%        2d18      1%          3
d - Inner Flame           Hex/Fire       49%        N/A       1%          3
e - Flame Wave            Conj/Fire      49%        2d12      1%          4
f - Sandblast             Erth           98%        2d20      1%          1
g - Lesser Beckoning      Tloc           98%        N/A       1%          2
h - Gell's Gravitas       Tloc           49%        N/A       1%          3
i - Airstrike             Air            24%        2d(4-20)  1%          4
Your spell library was empty.

Dungeon Overview and Level Annotations

Branches:
Dungeon (9/15)             Temple (1/1) D:5           Sewer (visited)
Ossuary (visited)
   Lair: D:8-11         Orc: D:9-12

Altars:
Ashenzari
Cheibriados
Dithmenos
Fedhas
Gozag
Hepliaklqana
Makhleb
Nemelex Xobeh
Okawaru
Qazlal
Ru
Trog
Uskayaw
Wu Jian
Xom
Yredelemnul
Zin
The Shining One

Shops:
D:7 *[*:

Annotations:
D:4 Edmund
D:5 2 transporters, Gormless's ghost, amateur DrMo
D:8 2 transporters, Morowski's ghost, novice TeCj


Innate Abilities, Weirdness & Mutations

You are immune to sickness and miasma.
You are immune to poison.
Your flesh is very heat resistant. (rF++)
You are vulnerable to cold. (rC-)
You float through the air rather than walking.
You learn spells naturally, not from books.
Your magical power is your life essence.
You have superior vitality. (+4 MHP)


Message History

Items here: $ ) / [.
There is an open door here.
You reach down and close the door.
You start resting.
Something unseen opens the door.
Aiming: Sandblast (safe; 1% risk of failure)
Press: ? - help, Q - select action, (/) - cycle Shift-Dir - straight line, f - gnoll sergeant
Aim: a gnoll sergeant, wielding a +0 trident and wearing a +0 ring mail (89% to hit)
The blast of sand hits the gnoll sergeant.
The gnoll sergeant is lightly wounded.
Aiming: Sandblast (safe; 1% risk of failure)
Press: ? - help, Q - select action, (/) - cycle Shift-Dir - straight line, f/p - gnoll sergeant
Aim: a gnoll sergeant, wielding a +0 trident and wearing a +0 ring mail (lightly wounded, 89% to hit)
The blast of sand hits the gnoll sergeant!
The gnoll sergeant is severely wounded.
The gnoll sergeant hits you from afar with a +0 trident!
The gnoll sergeant hits you from afar with a +0 trident.
* * * LOW HITPOINT WARNING * * *
Aiming: Sandblast (safe; 1% risk of failure)
Press: ? - help, Q - select action, (/) - cycle Shift-Dir - straight line, f/p - gnoll sergeant
Aim: a gnoll sergeant, wielding a +0 trident and wearing a +0 ring mail (severely wounded, 89% to hit)
The blast of sand misses the gnoll sergeant.
* * * LOW HITPOINT WARNING * * *
The gnoll sergeant hits you from afar with a +0 trident!
* * * LOW HITPOINT WARNING * * *
Aiming: Sandblast (safe; 1% risk of failure)
Press: ? - help, Q - select action, (/) - cycle Shift-Dir - straight line, f/p - gnoll sergeant
Aim: a gnoll sergeant, wielding a +0 trident and wearing a +0 ring mail (severely wounded, 89% to hit)
The blast of sand hits the gnoll sergeant!!
You kill the gnoll sergeant!
* * * LOW HITPOINT WARNING * * *
Unknown command.
You start resting.
A gnoll sergeant comes into view. It is wielding a +4 vampiric spear.
As you read the scroll of teleportation, it crumbles to dust.
You feel strangely unstable.
The gnoll sergeant shouts!
The gnoll sergeant hits you from afar with a +4 vampiric spear!
You die...
Your body crumbles into a pile of gold.

#+####### #.#
#.........# ####.#####
#.........# #.........
#.....$...# #.........
#.........#####.........
#.........'...#$..$.g.(.
#.......g$###$.$g#######
#.........# ###..# #
#......@..# #..# #
#####+##### #..# + #..#
# #### # #


You could see a gnoll sergeant.

Vanquished Creatures
  Maurice (D:9)
  Jeremiah (D:8)
  Grinder (D:4)
  A wraith (Ossuary)
  Grum (D:8)
  A shadow (D:8)
  A water moccasin (D:6)
  Pargi (D:3)
  2 ice beasts
  An orc warrior (D:6)
  2 black bears
  3 ogres
  3 wolves (D:8)
  2 centaurs
  2 phantoms
  2 kobold brigands (D:9)
  5 bullfrogs
  3 scorpions
  2 gnoll sergeants
  8 wights
  9 killer bees
  A howler monkey (D:6)
  3 orc priests (D:8)
  A hound (D:5)
  4 jellies
  Crazy Yiuf (D:2)
  An iguana (D:7)
  Jessica (D:2)
  A gnoll bouda (D:9)
  An orc wizard (D:6)
  Ijyb (D:4)
  Terence (D:3)
  A mummy (Ossuary)
  13 adders
  7 gnolls
  7 river rats (Sewer)
  A shadow imp (D:8)
  4 dart slugs
  7 orcs
  10 endoplasms
  12 giant cockroaches
  15 goblins
  5 hobgoblins
  5 jackals
  3 quokkas (D:5)
  15 ball pythons
  9 bats
  6 frilled lizards
  6 gnoll skeletons (Ossuary)
  11 kobolds
  8 kobold skeletons (Ossuary)
  11 orc skeletons (Ossuary)
  39 rats
263 creatures vanquished.

Vanquished Creatures (others)
  163 foxfires
163 creatures vanquished.

Grand Total: 426 creatures vanquished

Notes
Turn   | Place    | Note
-------+----------+-------------------------------------------
     0 | D:1      | AppTheSpectato the Djinni Fire Elementalist began the quest
                  | for the Orb.
     0 | D:1      | AppTheSpectato set off with the following spells memorised:
                  | Foxfire, Scorch, Volatile Blastmotes, Inner Flame, Flame
                  | Wave.
     0 | D:1      | Reached XP level 1. HP: 15/15 MP: 0/0
   219 | D:1      | Reached XP level 2. HP: 21/21 MP: 0/0
   618 | D:1      | Reached skill level 1 in Fighting
   618 | D:1      | Reached XP level 3. HP: 26/27 MP: 0/0
   618 | D:1      | Learned a level 1 spell: Sandblast
  1083 | D:2      | Noticed Jessica
  1087 | D:2      | Killed Jessica
  1088 | D:2      | Reached XP level 4. HP: 31/33 MP: 0/0
  1173 | D:2      | Found a runed translucent door.
  1174 | D:2      | Noticed Crazy Yiuf
  1516 | D:2      | Reached XP level 5. HP: 38/39 MP: 0/0
  1516 | D:2      | Learned a level 2 spell: Lesser Beckoning
  1605 | D:2      | Killed Crazy Yiuf
  1877 | D:3      | Noticed Terence
  1885 | D:3      | Killed Terence
  2006 | D:3      | Noticed Pargi
  2016 | D:3      | Killed Pargi
  2017 | D:3      | Reached XP level 6. HP: 36/47 MP: 0/0
  2623 | D:4      | Noticed Grinder
  2624 | D:4      | Noticed an ogre
  2632 | D:3      | Killed an ogre
  2633 | D:3      | Reached XP level 7. HP: 50/52 MP: 0/0
  2633 | D:3      | Learned a level 3 spell: Gell's Gravitas
  2679 | D:4      | Found a hide-covered altar of Uskayaw.
  2788 | D:4      | Noticed Edmund
  2905 | D:4      | Noticed Ijyb
  2916 | D:4      | Killed Ijyb
  3219 | D:4      | Killed Grinder
  3220 | D:4      | Reached skill level 5 in Fighting
  3220 | D:4      | Reached skill level 5 in Spellcasting
  3220 | D:4      | Reached skill level 5 in Conjurations
  3220 | D:4      | Reached skill level 5 in Hexes
  3220 | D:4      | Reached skill level 5 in Summonings
  3220 | D:4      | Reached skill level 5 in Necromancy
  3220 | D:4      | Reached skill level 5 in Translocations
  3220 | D:4      | Reached skill level 5 in Transmutations
  3220 | D:4      | Reached skill level 5 in Fire Magic
  3220 | D:4      | Reached skill level 5 in Ice Magic
  3220 | D:4      | Reached skill level 5 in Air Magic
  3220 | D:4      | Reached skill level 5 in Earth Magic
  3220 | D:4      | Reached skill level 5 in Poison Magic
  3647 | D:5      | Entered Level 5 of the Dungeon
  3677 | D:5      | Found a glowing drain.
  3731 | Sewer    | Entered a sewer
  3895 | Sewer    | Reached XP level 8. HP: 39/60 MP: 0/0
  4456 | D:5      | Found a transporter.
  4456 | D:5      | Noticed Gormless's ghost (amateur DrMo)
  4473 | D:5      | Found a transporter.
  4845 | D:5      | Found a staircase to the Ecumenical Temple.
  4948 | Temple   | Entered the Ecumenical Temple
  5188 | Temple   | Became a worshipper of Gozag Ym Sagoz the Greedy
  5534 | D:6      | Reached XP level 9. HP: 65/67 MP: 0/0
  5534 | D:6      | Learned a level 4 spell: Airstrike
  5686 | D:6      | Identified the +0 leather armour of the Morning {rPois rC-
                  | Will+ Int+3}
  6490 | D:7      | Found Novuat's Armour Boutique.
  6507 | D:7      | Found Cautraoj's Assorted Antiques.
  6634 | D:7      | Found Heatag's Assorted Antiques.
  6666 | D:7      | Found a shimmering altar of Xom.
  6947 | D:7      | Found a sand-covered staircase.
  6952 | Ossuary  | Entered an ossuary
  7357 | D:7      | Found Uggear's Book Shop.
  7491 | D:7      | Reached XP level 10. HP: 63/76 MP: 0/0
  7732 | D:8      | Noticed a moth of wrath
  7735 | D:8      | Found a bloodstained altar of Trog.
  7839 | D:8      | Noticed Grum
  7846 | D:8      | Noticed Jeremiah
  7849 | D:8      | HP: 2/77 [Grum/+0 halberd (9)]
  8881 | D:8      | Killed Jeremiah
  9155 | D:8      | Found a transporter.
  9167 | D:8      | Found a bloodstained altar of Trog.
  9167 | D:8      | Noticed Morowski's ghost (novice TeCj)
  9178 | D:8      | Noticed a moth of wrath
  9187 | D:8      | Found a transporter.
  9862 | D:8      | Killed Grum
 10306 | D:9      | Noticed Maurice
 10321 | D:9      | Killed Maurice
 10381 | D:9      | Slain by a gnoll sergeant

Illustrated notes

Levels and vault maps discovered:
D:1:      dpeg_arrival_subterranean_lakeside_camping, layout_loops_ring,
          ebering_dispersal_statue_hall, minmay_tree_intersection
D:2:      layout_rooms, minmay_misc_feat_room, uniq_crazy_yiuf_cottage,
          uniq_jessica
D:3:      layout_loops_ring, kennysheep_generic_room_8, uniq_pargi, uniq_terence
D:4:      layout_loops_ring, nicolae_uskayaw_dance_hall, uniq_grinder,
          uniq_ijyb, uniq_edmund
D:5:      layout_loops_ring, temple_hall, gup_sewer_entry_pipe,
          gammafunk_ghost_smash
D:6:      layout_loops_cross
D:7:      layout_loops_ring, amcnicky_altar_gilded, serial_shops,
          nicolae_square_shop, shop, kennysheep_mini, shop,
          nicolae_ossuary_entry_plus
D:8:      layout_gridville, tgw_trog, enter_bailey_5,
          gammafunk_ghost_wrathful_warriors, david_defended_altar_orc,
          uniq_grum, uniq_jeremiah
D:9:      layout_roguey, kennysheep_orc_monster_closet_entryway, uniq_maurice
Temple:   nicolae_temple_bog_church

Skill      XL: |  1  2  3  4  5  6  7  8  9 10 |
---------------+-------------------------------+-----
Spellcasting   | 4 5 6 8 9 |  9.5
Conjurations   | 4 5 6 8 9 |  9.5
Hexes          | 4 5 6 8 9 |  9.5
Summonings     | 4 5 6 8 9 |  9.5
Necromancy     | 4 5 6 8 9 |  9.5
Translocations | 4 5 6 8 9 |  9.5
Transmutations | 4 5 6 8 9 |  9.5
Fire Magic     | 4 5 6 8 9 |  9.5
Ice Magic      | 4 5 6 8 9 |  9.5
Air Magic      | 4 5 6 8 9 |  9.5
Earth Magic    | 4 5 6 8 9 |  9.5
Poison Magic   | 4 5 6 8 9 |  9.5
Fighting       | 1 2 3 4 5 6 8 9 |  9.6
Dodging        | |  2.4
Stealth        | |  1.8

Action                     |  1- 3 |  4- 6 |  7- 9 | 10-12 || total
---------------------------+-------+-------+-------+-------++-------
  Melee: Quarterstaff      |       |     1 |    38 |       ||    39
         Unarmed           |       |       |       |    14 ||    14
         Trident           |       |       |       |    13 ||    13
   Cast: Foxfire           |    48 |    30 |    22 |       ||   100
         Sandblast         |    10 |    20 |   177 |    60 ||   267
         Gell's Gravitas   |       |       |    19 |    14 ||    33
         Scorch            |       |       |     5 |       ||     5
         Volatile Blastmot |       |       |     2 |     4 ||     6
         Inner Flame       |       |       |     2 |     2 ||     4
         Flame Wave        |       |       |     2 |     2 ||     4
         Airstrike         |       |       |     1 |     2 ||     3
    Use: Scroll            |       |     3 |    10 |     6 ||    19
         Potion            |       |       |       |     1 ||     1
 Armour: Robe              |    10 |    20 |   109 |    66 ||   205
         Skin              |       |       |       |     6 ||     6
  Dodge: Dodged            |    18 |    20 |   109 |    61 ||   208

Table legend: (Time is in decaauts)
 A = Elapsed time spent in this place.
 B = Non-inter-level travel time spent in this place.
 C = Inter-level travel time spent in this place.
 D = Time resting spent in this place.
 E = Time spent auto-exploring this place.
 F = Levels seen in this place.
 G = Mean time per level.
                   A        B        C        D        E       F      G
               +--------+--------+--------+--------+--------+-----+--------+
         Total |  10536 |   9129 |   1407 |   2182 |   5071 |  12 |  878.0 |
       Dungeon |   9359 |   8203 |   1156 |   1870 |   4835 |   9 | 1039.9 |
        Temple |    256 |      5 |    251 |      0 |      0 |   1 |  256.0 |
         Sewer |    626 |    626 |      0 |    312 |     62 |   1 |  626.0 |
       Ossuary |    294 |    294 |      0 |      0 |    174 |   1 |  294.0 |
               +--------+--------+--------+--------+--------+-----+--------+

Top non-repeatable levels by time:
     D:8: 1682 daAuts
     D:7: 1541 daAuts
     D:5: 1087 daAuts
     D:6: 1063 daAuts
     D:3: 1005 daAuts
     D:1: 916 daAuts
     D:4: 912 daAuts
     D:2: 847 daAuts
   Sewer: 626 daAuts
     D:9: 302 daAuts
 Ossuary: 294 daAuts
  Temple: 256 daAuts
